AoeStats
← Carple

Arena

505741487Analyzed
1v1 RM · 22d ago on Sep 10, 2026· 52m 49s· 2 players
Game mode
Random Map
Map size
Tiny (2 player)
Population
200
Speed
Normal
Resources
Standard
Victory
Conquest
Starting age
Dark Age
Ending age
Imperial Age
RankedLock teamsTeams togetherTeam positionsShared explorationLock speedFull tech treeHidden civsTurbo modeCheats
Victory
Defeat
🇨🇦 Dravidians · Canada
1284
+15
🇨🇦 Japanese · Canada
1267
-15
Carple
10:54 Feudal Age
11:12 Loom
16:06 Castle Age
14:22 Double-Bit Axe
15:00 Horse Collar
16:04 Forging
15:52 Stone Mining
16:23 Gold Mining
18:39 Squires
19:13 Scale Mail Armor
23:09 Bow Saw
24:55 Arson
25:11 Pikeman
34:32 Imperial Age
32:15 Heavy Plow
33:49 Wheelbarrow
33:05 Elite Skirmisher
33:40 Fletching
33:50 Padded Archer Armor
34:55 Bodkin Arrow
35:16 Leather Archer Armor
35:38 Conscription
37:05 Ballistics
36:50 Bracer
36:56 Town Watch
39:06 Ring Archer Armor
40:21 Chemistry
40:36 Kataparuto
41:43 Siege Engineers
41:15 Capped Ram
42:29 Hand Cart
46:24 Town Patrol
47:36 Elite Samurai
49:04 Iron Casting
Paparoni
9:48 Feudal Age
13:42 Castle Age
13:48 Pikeman
15:13 Double-Bit Axe
19:42 Horse Collar
21:40 Fletching
22:38 Loom
22:31 Crossbowman
23:42 Bodkin Arrow
25:17 Padded Archer Armor
26:32 Ballistics
27:18 Leather Archer Armor
27:52 Thumb Ring
29:37 Bow Saw
31:23 Wheelbarrow
31:46 Forging
31:46 Town Watch
32:06 Heavy Plow
36:28 Imperial Age
34:12 Scale Mail Armor
35:29 Chain Mail Armor
35:51 Iron Casting
36:45 Hand Cart
37:16 Bracer
36:50 Arbalester
38:57 Chemistry
40:00 Plate Mail Armor
40:16 Elite Urumi Swordsman
41:17 Wootz Steel
47:20 Blast Furnace
Connection lost

Rejoining the realm…

Still unreachable

The connection could not be restored.

Session expired

The server has moved on; the page needs a fresh start.